 Dungeon Sprint DCSS version 0.19-a0-376-gf780d9b (webtiles) character file.

1019 Kidiri the Arsonist (level 8, -5/48 HPs)
             Began as a Deep Elf Fire Elementalist on May 30, 2016.
             Was a Priest of Vehumet.
             Slain by a white ugly thing (29 damage)
             ... in the Dungeon (Sprint V: "Ziggurat Sprint").
             The game lasted 00:03:47 (491 turns).

Kidiri the Arsonist (Deep Elf Fire Elementalist)     Turns: 491, Time: 00:03:48

Health: -5/48      AC: -1    Str:  5    XL:     8   Next: 2%
Magic:  20/22      EV: 17    Int: 35    God:    Vehumet [***...]
Gold:   0          SH:  8    Dex: 18    Spells: 4 memorised, 11 levels left

rFire  . . .     SeeInvis .     K - +5 quick blade
rCold  . . .     Gourm    .     a - +0 robe
rNeg   . . .     Faith    .     J - +3 buckler
rPois  .         Spirit   .     (no helmet)
rElec  .         Dismiss  .     (no cloak)
rCorr  .         Reflect  .     (no gloves)
SustAt .         Harm     .     (no boots)
MR     .....     NoTele   +     M - amulet "Elasch" {Regen+ Dex+3 Stlth+}
Stlth  +++.......               m - +6 ring of intelligence
                                l - +6 ring of intelligence

@: corroded, not resistant to hostile enchantments, fairly stealthy
A: no striking features
a: Renounce Religion


You were in the Dungeon.
You worshipped Vehumet.
Vehumet was most pleased with you.
You were not hungry.

You visited 1 branch

Inventory:

Hand Weapons
 K - a +5 quick blade (weapon)
Armour
 a - a +0 robe (worn)
 J - a +3 buckler (worn)
Jewellery
 j - a +6 ring of dexterity
 k - a +6 ring of dexterity
 l - a +6 ring of intelligence (left hand)
 m - a +6 ring of intelligence (right hand)
 n - a +6 ring of strength
 o - a +6 ring of strength
 L - the ring of Soraq {*Contam +Fly rElec rPois Dex-2}
   (You found it in the Dungeon)

   [ring of flight]

   It affects your dexterity (-2).
   It insulates you from electricity.
   It protects you from poison.
   It lets you fly.
   It causes magical contamination when unequipped.
 M - the amulet "Elasch" (around neck) {Regen+ Dex+3 Stlth+}
   (You found it in the Dungeon)

   [amulet of regeneration]

   It affects your dexterity (+3).
   It increases your rate of regeneration.
   It makes you more stealthy.
Wands
 p - a wand of disintegration (7/24)
 q - a wand of iceblast (5/15)
 r - a wand of lightning (5/15)
 s - a wand of acid (5/15)
Scrolls
 i - 4 scrolls of blinking
 y - 4 scrolls of amnesia
 A - 3 scrolls of recharging
 B - 7 scrolls of fog
 C - a scroll of holy word
 D - 5 scrolls of identify
 E - 5 scrolls of remove curse
 F - 2 scrolls of fear
Potions
 d - 9 potions of curing
 e - 10 potions of heal wounds
 f - 6 potions of haste
 g - 6 potions of magic
 h - 3 potions of berserk rage
 t - 2 potions of brilliance
 u - 2 potions of invisibility
 v - 4 potions of resistance
 x - 5 potions of agility
 z - 7 potions of might
Books
 b - a book of Flames

   Spells                             Type                      Level
   a - Flame Tongue                   Conjuration/Fire             1
   b - Throw Flame                    Conjuration/Fire             2
   c - Conjure Flame                  Conjuration/Fire             3
   d - Inner Flame                    Hexes/Fire                   3
   e - Sticky Flame                   Conjuration/Fire             4
   f - Fireball                       Conjuration/Fire             5
Miscellaneous
 I - a crystal ball of energy
Comestibles
 c - 5 bread rations
 w - 7 chunks of flesh
 G - 42 fruits
 H - 4 meat rations


   Skills:
 + Level 4.6 Fighting
 + Level 4.4 Short Blades
 + Level 4.6 Armour
 + Level 7.2 Dodging
 - Level 2.4 Stealth
 + Level 4.0 Shields
 + Level 8.0 Spellcasting
 + Level 6.3 Conjurations
 * Level 9.6 Fire Magic
 + Level 6.2 Evocations


You had 11 spell levels left.
You knew the following spells:

 Your Spells              Type           Power        Failure   Level  Hunger
a - Flame Tongue          Conj/Fire      #####        1%          1    None
b - Throw Flame           Conj/Fire      ######       1%          2    None
c - Sticky Flame          Conj/Fire      ######..     1%          4    None
d - Fireball              Conj/Fire      ######....   1%          5    ###....


Dungeon Overview and Level Annotations

Branches:
Dungeon (1/1)

Altars:
Ashenzari
Cheibriados
Dithmenos
Elyvilon
Fedhas
Gozag
Hepliaklqana
Kikubaaqudgha
Makhleb
Nemelex Xobeh
Okawaru
Pakellas
Qazlal
Ru
Sif Muna
Trog
Ukayaw
Vehumet
Xom
Yredelemnul
Zin
The Shining One
Beogh
Jiyva
Lugonu


Message History

Casting: Sticky Flame
Confirm with . or Enter, or press ? or * to list all spells.
Aiming: Sticky Flame
Press: ? - help, Shift-Dir - straight line, f - cyan ugly thing
Aim: a cyan ugly thing (almost dead)
The sticky flame hits the cyan ugly thing.
You kill the cyan ugly thing!
Vehumet accepts your kill.
You feel your power returning.
Your Short Blades skill increases to level 4!
Your Dodging skill increases to level 7!
Your Shields skill increases to level 4!
Your Spellcasting skill increases to level 8!
Your Conjurations skill increases to level 6!
Your Evocations skill increases to level 6!
You have reached level 8!
You feel clever. The white ugly thing claws you!
The white ugly thing freezes you!!
Ouch! That really hurt!
You die...

▓.....▓.....▓▓▓▓▓▓
▓▓▓▓▓▓▓▓▓▓▓▓▓▓
▓..8©8...▓
▓..)::...▓
▓...|†...▓
▓........▓
▓........▓
▓.▓†...▓.▓
▓.@u.....▓
▓▓▓▓▓▓▓▓▓▓


You could see a white ugly thing.

Vanquished Creatures
  2 ugly things (D)
  A soldier ant (shapeshifter) (D)
  A naga (D)
  An orc priest (D)
  An orc wizard (D)
  A mummy (D)
  2 adders (D)
  A ball python (D)
  2 bat zombies (D)
12 creatures vanquished.

Notes
Turn   | Place    | Note
--------------------------------------------------------------
     0 | D        | Kidiri the Deep Elf Fire Elementalist began the quest for the Orb.
     0 | D        | Reached XP level 1. HP: 10/10 MP: 6/6
     2 | D        | Found a blossoming altar of Fedhas.
     2 | D        | Found a snail-covered altar of Cheibriados.
     2 | D        | Found a viscous altar of Jiyva.
     2 | D        | Found a roughly hewn altar of Beogh.
     2 | D        | Found a corrupted altar of Lugonu.
     9 | D        | Found a shimmering altar of Xom.
    10 | D        | Found a burning altar of Makhleb.
    10 | D        | Found an iron altar of Okawaru.
    10 | D        | Found a deep blue altar of Sif Muna.
    10 | D        | Found a radiant altar of Vehumet.
    10 | D        | Found a bloodstained altar of Trog.
    22 | D        | Became a worshipper of Vehumet
    29 | D        | Found a sparkling altar of Nemelex Xobeh.
    30 | D        | Found a white marble altar of Elyvilon.
    85 | D        | Reached skill level 1 in Fighting
    85 | D        | Reached skill level 1 in Armour
    85 | D        | Reached skill level 5 in Fire Magic
    85 | D        | Reached XP level 2. HP: 17/17 MP: 6/9
    89 | D        | Learned a level 2 spell: Throw Flame
   162 | D        | Entered arena 1.
   170 | D        | Reached XP level 3. HP: 14/21 MP: 6/11
   175 | D        | Reached skill level 1 in Shields
   175 | D        | Reached skill level 5 in Spellcasting
   180 | D        | Got the ring of Soraq {*Contam +Fly rElec rPois Dex-2}
   368 | D        | Entered arena 2.
   370 | D        | Reached * piety under Vehumet
   370 | D        | Offered knowledge of Magic Dart by Vehumet.
   370 | D        | Reached skill level 6 in Fire Magic
   370 | D        | Reached XP level 4. HP: 27/27 MP: 10/13
   380 | D        | Got the amulet "Elasch" {Regen+ Dex+3 Stlth+}
   421 | D        | Learned a level 4 spell: Sticky Flame
   421 | D        | Entered arena 3.
   421 | D        | Noticed a naga
   423 | D        | Reached ** piety under Vehumet
   431 | D        | Killed a naga
   431 | D        | Reached skill level 5 in Dodging
   431 | D        | Reached skill level 7 in Fire Magic
   431 | D        | Reached XP level 5. HP: 23/32 MP: 8/15
   450 | D        | Identified Kikubaaqudgha's Reference Book on Stolen Souls (You found it in the Dungeon)
   457 | D        | Learned a level 5 spell: Fireball
   458 | D        | Identified Kikubaaqudgha's Reference Book on Stolen Souls (You found it in the Dungeon)
   483 | D        | Entered arena 4.
   483 | D        | Noticed a brown ugly thing
   483 | D        | Noticed a soldier ant
   483 | D        | Noticed a white ugly thing
   483 | D        | Noticed a white ugly thing
   485 | D        | Killed a soldier ant
   485 | D        | Offered knowledge of Throw Frost by Vehumet.
   485 | D        | Reached skill level 5 in Conjurations
   485 | D        | Reached XP level 6. HP: 37/37 MP: 5/17
   490 | D        | Killed a brown ugly thing
   490 | D        | Reached *** piety under Vehumet
   490 | D        | Reached skill level 9 in Fire Magic
   490 | D        | Reached skill level 5 in Evocations
   490 | D        | Reached XP level 7. HP: 30/43 MP: 18/20
   491 | D        | Killed a cyan ugly thing
   491 | D        | Reached XP level 8. HP: 34/48 MP: 20/22
   491 | D        | Slain by a white ugly thing

Vault maps used:
D:        sprint_v

Skill      XL: |  1  2  3  4  5  6  7 |
---------------+----------------------+-----
Fighting       | 1 2 3 4 |  4.6
Armour         | 1 2 3 4 |  4.6
Dodging        | 3 4 5 6 7 |  7.2
Spellcasting   | 4 5 6 7 8 |  8.0
Conjurations   | 2 3 4 5 6 |  6.3
Fire Magic     | 5 6 7 9 |  9.6
Evocations     | 2 3 4 5 6 |  6.2
Shields        | 1 2 3 4 |  4.0
Short Blades   | 2 3 4 |  4.4
Stealth        | |  2.4

Action                   |  1- 3 |  4- 6 |  7- 9 || total
-------------------------+-------+-------+-------++-------
Melee: Quick blade       |     2 |       |       ||     2
 Cast: Flame Tongue      |     8 |    10 |       ||    18
       Sticky Flame      |       |     1 |     2 ||     3
       Fireball          |       |     3 |       ||     3
  Use: Potion            |     2 |     1 |       ||     3
Armor: Robe              |       |     3 |       ||     3
Dodge: Dodged            |     6 |     8 |       ||    14
Block: Buckler           |     2 |     3 |       ||     5
